 Dungeon Crawl Stone Soup version 0.17-a0-1714-g35622ae (webtiles) character file.

22628 karlkraus the Blocker (level 12, -1/110 HPs)
             Began as a Minotaur Fighter on Aug 23, 2015.
             Was the Champion of Makhleb.
             Slain by an ice devil (5 damage)
             ... summoned by an orc high priest
             ... on level 4 of the Orcish Mines.
             The game lasted 00:38:33 (12601 turns).

karlkraus the Blocker (Minotaur Fighter)           Turns: 12601, Time: 00:38:35

Health: -1/110     AC: 21    Str: 22    XL:     12   Next: 64%
Magic:  11/11      EV: 12    Int:  1    God:    Makhleb [******]
Gold:   1408       SH: 14    Dex: 20    Spells: 0 memorised, 11 levels left

rFire  + . .     SeeInvis .     C - +7 flail of the Empty Page {crush, rC++ Str+2 Int-4 Dex+4}
rCold  + + .     Clarity  .     W - +0 plate armour
rNeg   . . .     SustAt   .     c - +0 shield
rPois  +         Gourm    .     M - +2 hat
rElec  .         Spirit   .     E - +0 cloak
rCorr  .         Warding  .     (no gloves)
rMut   .         Stasis   .     (no boots)
MR     .....                    (no amulet)
Stlth  ..........               q - +3 ring of protection
                                I - ring of poison resistance

@: about to teleport, not resistant to hostile enchantments, extremely
unstealthy
A: retaliatory headbutt, beak, horns 2, fire resistance 1
a: Minor Destruction, Lesser Servant of Makhleb, Major Destruction, Greater
Servant of Makhleb, Renounce Religion


You were on level 4 of the Orcish Mines.
You worshipped Makhleb.
Makhleb was exalted by your worship.
You were hungry.

You visited 3 branches of the dungeon, and saw 18 of its levels.
You also visited: Ossuary.

You collected 1576 gold pieces.
You spent 168 gold pieces at shops.

Inventory:

Hand weapons
 a - a +3 flail of electrocution
 w - a +1 mace of protection
 A - a +3 mace
 C - the +7 flail of the Empty Page (weapon) {crush, rC++ Str+2 Int-4 Dex+4}
   (You found it on level 9 of the Dungeon)

   It inflicts extra damage upon your enemies.
   It affects your strength (+2).
   It affects your intelligence (-4).
   It affects your dexterity (+4).
   It greatly protects you from cold.
 F - a +1 flail
 H - a +4 flail of holy wrath
Armour
 c - a +0 shield (worn)
 E - a +0 cloak (worn)
 K - a +2 cloak
 M - a +2 hat (worn)
 W - a +0 plate armour (worn)
Jewellery
 g - an uncursed ring of positive energy
 l - an uncursed ring of invisibility
 q - a +3 ring of protection (right hand)
 r - the amulet "Laegg" {Ward rPois rC- rN+ MR+ Dex+4, unknown}
   (You found it on level 10 of the Dungeon)

   [amulet of warding]

   It may prevent the melee attacks of summoned creatures.
   It affects your dexterity (+4).
   It makes you vulnerable to cold.
   It protects you from poison.
   It protects you from negative energy.
   It affects your resistance to hostile enchantments.
 D - an uncursed ring of ice
 G - an uncursed amulet of stasis
 I - a ring of poison resistance (left hand)
 N - the ring "Voov" {rElec MR+ Dex-2 Stlth+}
   (You found it on level 7 of the Dungeon)

   [ring of stealth]

   It affects your dexterity (-2).
   It insulates you from electricity.
   It affects your resistance to hostile enchantments.
   It makes you more stealthy.
 R - an uncursed amulet of regeneration {unknown}
Scrolls
 h - 3 scrolls of amnesia
 i - a scroll of identify
 j - 4 scrolls of immolation
 m - a scroll of teleportation
 v - 2 scrolls of fear {unknown}
 x - 6 scrolls of remove curse
 y - a scroll of magic mapping {unknown}
Potions
 b - a potion of degeneration {unknown}
 k - a potion of berserk rage
 n - 12 potions of curing
 p - 2 potions of cure mutation
 s - 2 potions of haste
 u - 4 potions of lignification
 z - 2 potions of agility
 B - a potion of resistance
 L - a potion of flight
Comestibles
 d - a beef jerky
 e - 10 bread rations
 f - 4 meat rations
 o - 3 fruits
 t - 2 chunks of flesh
 J - 2 slices of pizza


   Skills:
 + Level 11.2 Fighting
 + Level 13.1 Maces & Flails
 + Level 11.4 Armour
 + Level 9.0 Dodging
 - Level 1.0 Stealth
 + Level 13.4 Shields


You had 11 spell levels left.
You didn't know any spells.

Dungeon Overview and Level Annotations

Branches:
Dungeon (13/15)            Temple (1/1) D:7            Lair (0/8) D:10
    Orc (4/4) D:11            Elf (0/3) Orc:3
 Vaults: D:13-14

Altars:
Ashenzari
Cheibriados
Dithmenos
Fedhas
Kikubaaqudgha
Makhleb
Nemelex Xobeh
Okawaru
Qazlal
Sif Muna
Trog
Vehumet
Yredelemnul
Zin
The Shining One

Shops:
D:6 !   Orc:1 !   Orc:2 =


Innate Abilities, Weirdness & Mutations

You reflexively headbutt those who attack you in melee.
You have a pair of horns on your head.
You have a beak for a mouth.
Your flesh is heat resistant.


Message History

You block the orc high priest's attack.
The ice devil hits you but does no damage.
Remove which piece of jewellery? (? for menu, Esc to quit)
You remove your amulet of stasis.
Read which item? (? for menu, Esc to quit)
As you read the scroll of teleportation, it crumbles to dust.
You feel strangely unstable.
The ice devil hits you but does no damage.
The orc knight barely misses you. You furiously retaliate!
You headbutt the orc knight!
You kill the orc knight!
Makhleb accepts your kill.
You feel better. You block the orc high priest's attack.
You bludgeon the orc high priest!! You headbutt the orc high priest.
Your peck misses the orc high priest.
The orc high priest is heavily wounded.
The ice devil hits you!
* * * LOW HITPOINT WARNING * * *
The ice devil freezes you. You resist.
You die...

#.#...#####.......#.#.......
##....######......####......
#......##...........##......
#......#....................
##<......................#.#
###........###..........###
##........###.........# #
#.##.....######....### #
#####..@##.###.....#
#.#34o...###..### #o........
####3...## #### #........#
###....## #.o......
##.#)...## ##
##....o..###........##.##
#......#.##.............#
.............[)#........#
#...O.o..#...).^.......##


You could see a soul eater, an ice devil, an orc high priest and a hellwing.

Vanquished Creatures
  The ghost of kae the Fencer, a powerful MiFi (D:10)
  Erica (D:10)
  An orc high priest (Orc:4)
  Nergalle (D:10)
  An unseen horror (D:11)
  2 hill giants
  7 orc knights (Orc:4)
  A manticore (D:11)
  Maurice (Orc:4)
  2 centaur skeletons (D:10)
  A gargoyle (D:10)
  2 hippogriffs
  13 yaks
  4 wargs
  26 orc warriors
  2 sky beasts
  4 necrophages
  A black bear (D:6)
  7 ogres
  4 centaurs
  A brain worm (D:13)
  5 giant frogs
  A gnoll sergeant (D:9)
  5 scorpions
  6 killer bees
  2 wyvern skeletons
  A troll skeleton (D:9)
  5 crimson imps
  6 wights
  5 hounds
  31 orc priests
  5 giant frog skeletons
  3 jellies
  3 human zombies (D:9)
  A human skeleton (D:9)
  5 iguanas
  18 orc wizards
  8 worker ants
  An ogre zombie (D:9)
  8 big kobold zombies (Ossuary)
  2 mummies
  A worker ant zombie (D:8)
  2 hound skeletons
  15 adders
  15 gnolls
  A shadow imp (D:7)
  An ooze (D:2)
  3 worms
  3 adder skeletons
  125 orcs
  2 spectral bats (Ossuary)
  A ball python (D:1)
  10 bats
  4 gnoll zombies (Ossuary)
  7 goblins
  10 hobgoblins
  9 jackals
  4 quokkas
  6 bat simulacra (Ossuary)
  4 giant geckos
  5 giant newts
  3 goblin simulacra (Ossuary)
  8 goblin zombies (Ossuary)
  3 hobgoblin zombies (Ossuary)
  A jackal skeleton (D:4)
  6 kobolds
  4 kobold simulacra (Ossuary)
  3 kobold zombies (Ossuary)
  An orc skeleton (D:9)
  4 orc zombies (Ossuary)
  A quokka skeleton (D:6)
  10 rats
  2 rat simulacra (Ossuary)
  3 spectral goblins (Ossuary)
  3 spectral kobolds (Ossuary)
  4 spectral rats (Ossuary)
488 creatures vanquished.

Vanquished Creatures (collateral kills)
  A fire dragon (D:11)
  An orc warrior (Orc:4)
  An ice beast (D:11)
  2 orcs (Orc:4)
5 creatures vanquished.

Vanquished Creatures (others)
  An orc wizard (Orc:3)
1 creature vanquished.

Grand Total: 494 creatures vanquished

Notes
Turn   | Place    | Note
--------------------------------------------------------------
     0 | D:1      | karlkraus the Minotaur Fighter began the quest for the Orb.
     0 | D:1      | Reached XP level 1. HP: 19/19 MP: 0/0
   226 | D:1      | Reached XP level 2. HP: 20/27 MP: 1/1
   352 | D:1      | Reached skill level 4 in Shields
   713 | D:2      | Reached XP level 3. HP: 29/33 MP: 2/2
   921 | D:2      | Found a snail-covered altar of Cheibriados.
  1154 | D:2      | Reached XP level 4. HP: 18/40 MP: 3/3
  1544 | D:3      | Reached skill level 5 in Shields
  1544 | D:3      | Reached XP level 5. HP: 35/46 MP: 4/4
  1553 | D:3      | Reached skill level 1 in Dodging
  2303 | D:4      | Reached skill level 5 in Armour
  2447 | D:4      | Reached XP level 6. HP: 47/53 MP: 5/5
  2469 | D:4      | Found a sand-covered staircase.
  2474 | D:4      | Got a faintly humming ring mail
  2483 | Ossuary  | Entered an ossuary
  2485 | Ossuary  | Identified the cursed +1 ring mail of the Present {rC+ MP+9} (You found it on level 4 of the Dungeon)
  3192 | D:5      | Entered Level 5 of the Dungeon
  3202 | D:5      | Reached skill level 6 in Shields
  3214 | D:5      | Reached XP level 7. HP: 39/60 MP: 6/6
  3314 | D:5      | Found a glowing golden altar of the Shining One.
  3434 | D:5      | Reached skill level 5 in Fighting
  3477 | D:5      | Found a basalt altar of Yredelemnul.
  3525 | D:5      | Reached skill level 5 in Maces & Flails
  3684 | D:5      | Gained mutation: Your flesh is heat resistant. [mutagenic meat]
  3685 | D:5      | Gained mutation: You have a beak for a mouth. [mutagenic meat]
  3770 | D:5      | Found an iron altar of Okawaru.
  3861 | D:5      | Reached skill level 1 in Stealth
  3998 | D:6      | Reached XP level 8. HP: 39/68 MP: 7/7
  4195 | D:6      | Reached skill level 7 in Shields
  4244 | D:6      | Reached skill level 5 in Dodging
  4440 | D:6      | Found Meloz's Distillery.
  4455 | D:6      | Bought a potion of curing for 42 gold pieces
  4455 | D:6      | Bought a potion of heal wounds for 70 gold pieces
  4455 | D:6      | Bought a potion of lignification for 42 gold pieces
  4455 | D:6      | Bought a potion of poison for 14 gold pieces
  5003 | D:7      | Found a staircase to the Ecumenical Temple.
  5100 | D:7      | Got a wavering silver ring
  5517 | D:7      | Reached XP level 9. HP: 71/75 MP: 8/8
  5545 | D:7      | Reached skill level 8 in Shields
  5763 | D:7      | Found a bloodstained altar of Trog.
  6010 | Temple   | Entered the Ecumenical Temple
  6033 | Temple   | Became a worshipper of Makhleb the Destroyer
  6367 | D:8      | Identified the ring "Voov" {rElec MR+ Dex-2 Stlth+} (You found it on level 7 of the Dungeon)
  6383 | D:8      | Reached skill level 9 in Maces & Flails
  6383 | D:8      | Reached skill level 10 in Shields
  6383 | D:8      | Reached XP level 10. HP: 57/90 MP: 9/9
  6466 | D:8      | Acquired Makhleb's first power
  7425 | D:9      | Reached skill level 10 in Maces & Flails
  7495 | D:9      | Found a blossoming altar of Fedhas.
  7658 | D:9      | Found an ancient bone altar of Kikubaaqudgha.
  7703 | D:9      | Acquired Makhleb's second power
  7874 | D:9      | Got a twisted flail
  7876 | D:9      | Identified the +7 flail of the Empty Page {crush, rC++ Str+2 Int-4 Dex+4} (You found it on level 9 of the Dungeon)
  7931 | D:9      | Found a glowing silver altar of Zin.
  7934 | D:9      | Found a deep blue altar of Sif Muna.
  7941 | D:9      | Reached skill level 10 in Armour
  8414 | D:10     | Entered Level 10 of the Dungeon
  8424 | D:10     | Got a crude garnet amulet
  8463 | D:10     | Found a staircase to the Lair.
  8669 | D:10     | Reached XP level 11. HP: 83/97 MP: 10/10
  8712 | D:10     | Noticed Erica
  8723 | D:10     | Killed Erica
  8723 | D:10     | Reached skill level 11 in Shields
  8874 | D:10     | Noticed a hill giant
  8883 | D:10     | Killed a hill giant
  8928 | D:10     | Acquired Makhleb's third power
  9255 | D:10     | Noticed Nergalle
  9270 | D:10     | Killed Nergalle
  9292 | D:10     | Noticed kae's ghost (powerful MiFi)
  9304 | D:10     | Killed kae's ghost
  9383 | D:10     | You fall through a shaft for 3 floors!
  9399 | D:13     | Reached skill level 10 in Fighting
  9487 | D:11     | Acquired Makhleb's fourth power
  9555 | D:11     | Reached skill level 12 in Shields
  9724 | D:11     | Found a staircase to the Orcish Mines.
  9773 | D:11     | Noticed a fire dragon
  9792 | D:11     | Killed a fire dragon
  9845 | D:11     | Killed an unseen horror
  9886 | D:11     | Noticed a hill giant
  9896 | D:11     | Killed a hill giant
  9896 | D:11     | Reached XP level 12. HP: 49/106 MP: 11/11
 10338 | Orc:1    | Entered Level 1 of the Orcish Mines
 10343 | Orc:1    | Acquired Makhleb's fifth power
 10360 | Orc:1    | Found Tosuler's Distillery.
 10755 | Orc:2    | Found Iluittas's Jewellery Shop.
 11066 | Orc:3    | Found a staircase to the Elven Halls.
 11268 | Orc:3    | Found a bloodstained altar of Trog.
 11483 | Orc:4    | Entered Level 4 of the Orcish Mines
 11673 | Orc:4    | Noticed Maurice
 11681 | Orc:4    | Killed Maurice
 11739 | Orc:4    | HP: 1/108 [orc knight/dire flail (9)]
 12284 | Orc:4    | Reached skill level 13 in Shields
 12598 | Orc:4    | HP: 1/110 [soul eater/drain life[an orc high priest] (13)]
 12601 | Orc:4    | Slain by an ice devil

Vault maps used:
D:1:      dpeg_arrival_shrine
D:2:      cheibriados_altar_1
D:3:      first_bread
D:4:      enter_ossuary_2
D:5:      nicolae_overflow_hidden_temple, kennysheep_mini_moat,
          okawaru_altar_gauntlet_db
D:6:      serial_shops, nicolae_shop_competitors_out_of_business
D:7:      lightli_temple_of_fire, minmay_temple_entry_large_hall
D:9:      lemuel_round_altar, lemuel_mausoleum_altar_kikubaaqudgha,
          grunt_temple_overflow_open
D:10:     erik_lair_orcish_takeover, uniq_nergalle, uniq_erica
D:11:     david_orc_2
D:12:     grunt_pizzeria, st_stairs_10
D:13:     hangedman_vaults_entry_quadrant_bands, serial_shops, shop_fountains,
          guppyfry_shop_blood
Temple:   triangle_lava_temple_11
Orc:1:    serial_shops, nicolae_shop_stone
Orc:2:    serial_shops, nicolae_shop_crystal
Orc:3:    basic_altar, nicolae_orc_pool_cavern, statue_in_the_mist_lemuel
Orc:4:    st_orc_pillars, uniq_maurice
Ossuary:  ossuary_zaba_two_paths

Action                   |  1- 3 |  4- 6 |  7- 9 | 10-12 || total
-------------------------+-------+-------+-------+-------++-------
Melee: Flail             |    89 |   261 |   243 |   691 ||  1284
Invok: Lesser Servant of |       |       |       |     2 ||     2
  Use: Scroll            |       |     2 |    21 |     7 ||    30
       Potion            |       |     1 |     3 |     3 ||     7
  Eat: Chunk             |       |     5 |    13 |    18 ||    36
       Fruit             |       |     1 |     1 |     3 ||     5
